Map: Shadowed Jungle

Players

TimeTwist - Winner!

  • Race: Terran Terran
  • Spawn Location: 7:00

Scaramanga

  • Race: Terran Terran
  • Spawn Location: 1:00

dallaskuken

  • Race: Protoss Protoss
  • League: Platinum
  • Spawn Location: 11:00

Loken - Winner!

  • Race: Protoss Protoss
  • League: Platinum
  • Spawn Location: 5:00

VOD

Have the link to the VOD?

Description

Time

  • Played on: March 15, 2017, 7:07 p.m.
  • Length: 7:06
Show
View Real Time Build Order
Export as new Build Order

TimeTwist Terran - Winner!

Build Orders:  

Get SALT Encoding   

  12  0:00  SCV  
  13  0:12  SCV  
  14  0:20  Supply Depot  
  14  0:25  SCV  
  15  0:41  SCV  
  16  0:44  Barracks  
  16  0:52  Refinery  
  16  0:53  SCV  
  17  1:07  SCV  
  18  1:22  Supply Depot  
  18  1:26  Refinery  
  18  1:27  SCV  
  19  1:36  Reaper  
  20  1:40  Orbital Command  
  21  2:17  Reaper  
  21  2:20  Factory  
  21  2:22  SCV  
  22  2:34  SCV  
  22  2:57  Reaper  
  23  3:11  Command Center  
  23  3:22  SCV  
  24  3:33  Reaper  
  25  3:36  Widow Mine  
  25  3:40  SCV, Starport  
  28  3:44  Engineering Bay  
  28  3:46  Supply Depot  
  28  3:52  SCV, Barracks  
  28  3:54  Barracks  
  26  4:18  Widow Mine  
  26  4:19  Medivac  
  26  4:20  SCV  
  26  4:24  Missile Turret  
  31  4:26  Orbital Command  
  31  4:32  SCV  
  31  4:37  Barracks Tech Lab  
  32  4:41  Marine x2  
  34  4:50  SCV  
  35  4:53  Orbital Command  
  35  5:03  Factory Tech Lab  
  35  5:04  Starport Reactor  
  35  5:06  Marauder, Marine  
  37  5:08  SCV  
  37  5:11  Missile Turret  
  38  5:26  Marine x2  
  38  5:28  Marauder  
  42  5:41  Siege Tank  
  42  5:42  Medivac x2  
  49  5:44  Marine x2  
  49  5:46  SCV  
  49  5:49  Marauder  
  54  5:58  Supply Depot  
  54  6:09  Supply Depot  
  54  6:12  Refinery  
  54  6:14  Refinery  
  54  6:20  SCV x2  
  54  6:24  Marauder, Marine x2  
  60  6:29  Viking  
  60  6:30  Viking, Siege Tank  
  60  6:32  SCV x2  
  69  6:33  Supply Depot  
  69  6:41  Marine  
Show
View Real Time Build Order
Export as new Build Order

Scaramanga Terran 

Build Orders:  

Get SALT Encoding   

  12  0:01  SCV  
  13  0:13  SCV  
  14  0:18  Supply Depot  
  14  0:25  SCV  
  15  0:40  SCV  
  16  0:43  Barracks  
  16  0:48  Refinery  
  16  0:52  Refinery  
  16  0:55  SCV  
  17  1:07  SCV  
  18  1:15  Barracks  
  18  1:26  SCV  
  19  1:33  Reaper  
  20  1:47  Orbital Command  
  20  2:02  Reaper  
  20  2:05  Reaper  
  22  2:14  SCV  
  22  2:24  Supply Depot  
  22  2:26  SCV  
  23  2:46  SCV, Reaper  
  23  2:51  Command Center, Barracks Tech Lab  
  26  2:58  SCV  
  26  3:10  SCV  
  27  3:18  Reaper  
  27  3:20  Marauder  
  27  3:22  SCV  
  27  3:26  Concussive Shells  
  28  3:34  SCV  
  28  3:41  Marine  
  30  3:46  SCV  
  31  3:48  Factory  
  31  4:02  SCV, Marine  
  35  4:03  Marauder  
  35  4:04  Orbital Command  
  35  4:09  Combat Shields  
  35  4:12  Engineering Bay  
  35  4:14  SCV  
  36  4:20  Marine  
  39  4:24  Marauder  
  39  4:26  SCV  
  39  4:29  Orbital Command  
  39  4:30  Supply Depot  
  40  4:33  Supply Depot  
  40  4:38  SCV, Factory Reactor  
  40  4:40  Starport, Marine  
  44  4:45  Marauder  
  44  4:48  Terran Infantry Weapons Level 1  
  44  4:51  SCV  
  46  5:07  Marauder  
  46  5:08  SCV x2  
  48  5:20  SCV x2, Marine  
  51  5:26  Barracks  
  51  5:28  Marauder  
  53  5:32  SCV  
  44  5:44  Missile Turret  
  44  5:47  Missile Turret  
  30  6:08  Medivac  
  32  6:22  SCV  
  33  6:31  Marine  
  34  6:34  SCV  
  34  7:00  Missile Turret  
Show
View Real Time Build Order
Export as new Build Order

dallaskuken Protoss 

Build Orders:  

Get SALT Encoding   

  12  0:01  Probe (Chrono Boost)  
  13  0:15  Pylon  
  13  0:18  Probe (Chrono Boost)  
  14  0:28  Probe (Chrono Boost)  
  15  0:42  Gateway  
  15  0:52  Probe (Chrono Boost)  
  16  1:02  Probe (Chrono Boost)  
  16  1:04  Gateway  
  17  1:13  Probe (Chrono Boost)  
  18  1:23  Pylon, Probe (Chrono Boost)  
  19  1:29  Zealot  
  21  1:34  Probe (Chrono Boost)  
  21  1:35  Assimilator  
  22  1:45  Probe (Chrono Boost)  
  23  1:55  Pylon  
  23  2:01  Pylon, Zealot  
  23  2:06  Cybernetics Core  
  24  2:57  Stalker  
  26  3:02  Probe (Chrono Boost)  
  26  3:12  Probe (Chrono Boost)  
  26  3:38  Probe (Chrono Boost)  
  27  3:41  Stalker  
  29  3:49  Stalker  
  30  4:11  Stalker  
  31  4:21  Probe (Chrono Boost)  
  32  4:32  Probe (Chrono Boost)  
  33  4:40  Stargate, Assimilator  
  33  4:43  Probe (Chrono Boost)  
  33  4:45  Zealot  
  36  4:53  Probe (Chrono Boost)  
  36  4:57  Forge  
  37  5:08  Probe (Chrono Boost)  
  37  5:13  Stalker  
  40  5:19  Probe (Chrono Boost)  
  41  5:24  Nexus  
  25  6:14  Photon Cannon  
  24  6:19  Pylon  
Show
View Real Time Build Order
Export as new Build Order

Loken Protoss - Winner!

Build Orders: Dark Templar Rush 

Get SALT Encoding   

  12  0:01  Probe (Chrono Boost)  
  13  0:11  Probe (Chrono Boost)  
  14  0:22  Pylon  
  14  0:27  Probe (Chrono Boost)  
  15  0:40  Probe (Chrono Boost)  
  16  0:43  Gateway  
  16  0:51  Probe (Chrono Boost)  
  17  0:59  Assimilator  
  17  1:01  Probe (Chrono Boost)  
  18  1:12  Probe (Chrono Boost)  
  19  1:27  Probe (Chrono Boost)  
  20  1:37  Cybernetics Core  
  20  1:39  Zealot  
  22  1:42  Probe (Chrono Boost)  
  23  2:02  Pylon  
  23  2:03  Warp Gate  
  23  2:20  Assimilator  
  23  2:23  Stalker  
  25  2:34  Pylon  
  25  2:40  Probe (Chrono Boost)  
  27  2:52  Probe (Chrono Boost)  
  27  2:53  Zealot  
  27  2:56  Twilight Council  
  23  3:21  Probe (Chrono Boost)  
  23  3:32  Probe (Chrono Boost)  
  23  3:34  Dark Shrine  
  24  3:43  Probe (Chrono Boost)  
  24  3:45  Gateway  
  25  3:48  Gateway  
  25  3:53  Probe (Chrono Boost)  
  26  3:59  Nexus  
  26  4:04  Probe (Chrono Boost)  
  26  4:08  Stalker  
  29  4:14  Probe (Chrono Boost)  
  30  4:25  Probe (Chrono Boost)  
  31  4:35  Probe (Chrono Boost)  
  32  4:46  Probe (Chrono Boost)  
  32  4:47  Dark Templar x3  
  32  4:52  Pylon  
  39  5:17  Probe (Chrono Boost)  
  39  5:19  Probe (Chrono Boost)  
  41  5:25  Pylon  
  41  5:28  Probe (Chrono Boost)  
  42  5:30  Probe (Chrono Boost)  
  43  5:38  Probe (Chrono Boost)  
  43  5:41  Probe (Chrono Boost)  
  45  5:51  Probe (Chrono Boost)  
  46  6:02  Probe (Chrono Boost)  
  45  6:16  Stalker x3  
  51  6:20  Probe (Chrono Boost)  
  51  6:21  Probe (Chrono Boost)  
  51  6:24  Assimilator  
  53  6:28  Assimilator  
  53  6:30  Forge  
  53  6:31  Probe (Chrono Boost)  
  53  6:32  Probe (Chrono Boost)  
  55  6:41  Probe (Chrono Boost)  
  55  6:42  Probe (Chrono Boost)  
  57  6:52  Probe (Chrono Boost)  
  57  6:53  Probe (Chrono Boost)  
  59  6:54  Stalker  
  59  6:55  Stalker x2  
  65  7:02  Stargate  
Tags
 
Add a new tag
Caveats
  • Supply blocks, unpowered buildings, or Contaminate may cause inaccurate times.
  • Supply counts are checked every 10 seconds.